 Dungeon Crawl Stone Soup version 0.28.0-53-g5a82cb258f (webtiles) character file.

Game seed: 6138677150756760403

56 GigaChad the Shield-Bearer (level 3, 0/33 HPs)
             Began as a Minotaur Fighter on Aug 22, 2022.
             Succumbed to a scorpion's poison
             ... on level 4 of the Dungeon.
             The game lasted 00:03:22 (1398 turns).

GigaChad the Shield-Bearer (Minotaur Fighter)       Turns: 1398, Time: 00:03:23

Health: 0/33       AC:  7    Str: 22    XL:     3   Next: 71%
Magic:  2/2        EV:  9    Int:  5    God:
Gold:   60         SH:  4    Dex:  9    Spells: 2/2 levels left

rFire   . . .      SeeInvis .   a - +0 long sword
rCold   . . .      Faith    .   c - +0 buckler
rNeg    . . .      Spirit   .   b - +0 scale mail
rPois   .          Reflect  .   (helmet restricted)
rElec   .          Harm     .   (no cloak)
rCorr   .          Rampage  .   (no gloves)
Will    .....                   (no boots)
Stlth   ..........              (no amulet)
HPRegen 0.11/turn               (no ring)
MPRegen 0.08/turn               (no ring)

@: lethally poisoned (0 -> -7)
A: horns 2, retaliatory headbutt
a: no special abilities


You were on level 4 of the Dungeon.
You visited 1 branch of the dungeon, and saw 3 of its levels.

You collected 60 gold pieces.

Inventory:

Hand Weapons
 a - a +0 long sword (weapon)
Armour
 b - a +0 scale mail (worn)
 c - a +0 buckler (worn)
Scrolls
 e - 2 scrolls of identify
 h - a scroll of noise
 i - a scroll of teleportation {unknown}
Potions
 d - a potion of might
 f - a potion of mutation {unknown}
 g - 2 potions of lignification {unknown}


   Skills:
 + Level 4.2 Fighting
 + Level 3.1 Long Blades
 + Level 4.2 Armour
 + Level 0.5 Dodging
 + Level 4.2 Shields


You had 2 spell levels left.
You didn't know any spells.
Your spell library was empty.

Dungeon Overview and Level Annotations

Branches:
Dungeon (2/15)

Altars:


Innate Abilities, Weirdness & Mutations

You have a pair of horns on your head.
You reflexively headbutt those who attack you in melee.


Message History

You see here a rat corpse.
A sourceless malevolence fills the Dungeon...
You fall into a shaft and drop 2 floors!
The shaft crumbles and collapses.
A goblin comes into view. It is wielding a +0 dagger.
The goblin shouts!
Found a scroll labelled QOFUAG TO VYE.
Unknown command.
You slash the goblin!
You kill the goblin!
You see here a +0 dagger.
Found a stone staircase leading down.
Found 14 gold pieces.
Found 4 poisoned darts.
A scorpion comes into view.
Found 9 gold pieces.
Found a stone staircase leading down.
You see here 14 gold pieces.
The scorpion closely misses you. You block the scorpion's attack.
You closely miss the scorpion.
The scorpion stings you but does no damage.
You block the scorpion's attack.
You barely miss the scorpion. The scorpion stings you!
You closely miss the scorpion.
The scorpion stings you but does no damage.
The scorpion stings you!
You slash the scorpion!
The scorpion is heavily wounded.
The scorpion stings you. x2
* * * LOW HITPOINT WARNING * * *
You are lethally poisoned!
The scorpion poisons you!
You closely miss the scorpion.
You headbutt the scorpion, but do no damage.
The scorpion is heavily wounded.
* * * LOW HITPOINT WARNING * * *
You feel very sick. The scorpion stings you.
* * * LOW HITPOINT WARNING * * *
You die...

#... .#.........###
##.... #....##....#.#.
#.....##...###........
.........#............
##.##............ #..#
#........... ##).#
#....(..$..
##..#####.......##
#....#...$@.s....#
##......##........#
###..#.>##........
####.###......## #..
.......# ##.....>...#
#.........# #.......##
#.#


You could see a scorpion.

Vanquished Creatures
  An adder (D:2)
  A dart slug (D:2)
  2 endoplasms
  3 giant cockroaches (D:1)
  5 goblins
  4 hobgoblins (D:1)
  2 jackals (D:1)
  2 kobolds (D:1)
  3 quokkas (D:1)
  5 ball pythons
  6 bats
  4 frilled lizards (D:1)
  5 rats
43 creatures vanquished.

Notes
Turn   | Place    | Note
-------+----------+-------------------------------------------
     0 | D:1      | GigaChad the Minotaur Fighter began the quest for the Orb.
     0 | D:1      | Reached XP level 1. HP: 19/19 MP: 0/0
   196 | D:1      | Reached XP level 2. HP: 27/27 MP: 1/1
   527 | D:1      | Reached XP level 3. HP: 33/33 MP: 2/2
  1374 | D:2      | You fall into a shaft and drop 2 floors!
  1388 | D:4      | Noticed a scorpion
  1397 | D:4      | HP: 1/33 [scorpion (3)]
  1398 | D:4      | Succumbed to a scorpion's poison

Illustrated notes

Levels and vault maps discovered:
D:1:      dpeg_arrival_circle_labyrinth_c, layout_basic, minmay_surrounded
D:2:      layout_basic, minmay_rat_gold_closets
D:4:      layout_cave_pools, nicolae_wu_jian_wuxing_cycle

Skill      XL: |  1  2  3 |
---------------+----------+-----
Shields        | 4 |  4.2
Fighting       | 4 |  4.2
Armour         | 4 |  4.2
Long Blades    | 3 |  3.1
Dodging        | |  0.5

Action                   || total
-------------------------++-------
Melee: Long sword        ||    78
       Headbutt          ||    12
  Use: Scroll            ||     1
Armor: Scale mail        ||    53
Dodge: Dodged            ||    50
Block: Buckler           ||    23
